cohdb
Replays
Latest Replays
All Replays
Popular Replays
Top Player Replays
Match Explorer
How It Works
Community
CoH3 Stats
Reddit
Sign in to upload your games and track your stats! →
Sign in with Steam
Match 44712161
Unlisted
Match 44712161
Overview
Messages
Build Orders
End
Construct Section Command Post
Selects Air and Sea Battlegroup
Infantry Section
Infantry Section
Infantry Section
Construct Platoon Command Post
6-pounder Anti-tank Gun Team
CMP 15cwt Truck
Selects Supply Surplus
Infantry Section
Vickers Machine Gun Team
Construct Company Command Post
Selects Commando Section Paradrop
Selects Commando Support Section Paradrop
Construct Field Infirmary
Matilda II Heavy Tank
Forward Retreat Point
Vickers Machine Gun Team
Matilda II Heavy Tank
Grenade Package
Selects Anti-tank Rocket Loiter
Armored Vehicle Training
Unlock Bishop Self-propelled Artillery
Anti-tank Rocket Loiter
vladimir 3abasov
Kain
lplp4943718
Candy
Grognard
Dedrik
1
Divus
0
0
Comments
sign in to comment!
No comments posted yet!